 Dungeon Crawl Stone Soup version 0.28-a0-863-g8cecda6153 (webtiles) character file.

Game seed: 15959802135528008884

7891 vineage the Fighter (level 11, -2/92 HPs)
             Began as a Demonspawn Gladiator on Nov 18, 2021.
             Was a High Priest of Okawaru.
             Slain by an orc warrior (13 damage)
             ... led by an orc warlord
             ... on level 1 of the Orcish Mines.
             The game lasted 00:15:32 (10842 turns).

vineage the Fighter (Demonspawn Gladiator)         Turns: 10842, Time: 00:15:33

Health: -2/92      AC: 11    Str: 17    XL:     11   Next: 2%
Magic:  6/6        EV: 17    Int: 10    God:    Okawaru [*****.]
Gold:   307        SH:  5    Dex: 15    Spells: 10/10 levels left

rFire   . . .      SeeInvis .   G - +5 demon whip "Spellbinder" {antimagic, Will+}
rCold   + . .      Faith    .   (no shield)
rNeg    . . .      Spirit   .   o - +3 ring mail {rPois}
rPois   +          Reflect  +   c - +0 helmet
rElec   .          Harm     .   (cloak unavailable)
rCorr   .          Rampage  .   (no gloves)
Will    +....                   (no boots)
Stlth   +.........              l - amulet of reflection
HPRegen 0.25/turn               k - ring of magical power
MPRegen 0.10/turn               w - ring of protection from cold

@: about to teleport
A: repulsion field 2, powered by death 2, weakness stinger 3
a: Renounce Religion, Heroism, Finesse, Duel


You were on level 1 of the Orcish Mines.
You worshipped Okawaru.
Okawaru was extremely pleased with you.
You visited 3 branches of the dungeon, and saw 13 of its levels.

You collected 1663 gold pieces.
You spent 1356 gold pieces at shops.

Inventory:

Hand Weapons
 a - a +1 long sword
 j - the +9 spear of Tostroy {venom, Fly rN+ Int+5}
   (You bought it in a shop on level 2 of the Dungeon)

   It poisons the flesh of those it strikes.
   Int:       It affects your intelligence (+5).
   rN:        It protects you from negative energy.
   Fly:       It grants you flight.
 D - the +4 spear of the Vulture {vorpal, rElec}
   (You found it on level 8 of the Dungeon)

   It inflicts extra damage upon your enemies.
   rElec:     It insulates you from electricity.
 G - the +5 demon whip "Spellbinder" (weapon) {antimagic, Will+}
   (You bought it in a shop on level 7 of the Dungeon)

   It reduces the magical energy of the wielder, and disrupts the spells and
   magical abilities of those it strikes.
   Natural abilities and divine invocations are not affected.
   It unleashes wild and unpredictable magical effects upon striking a wizard or
   a creature with magical abilities.
   Will:      It increases your willpower.
Missiles
 d - 3 throwing nets (quivered)
 C - 5 javelins
Armour
 b - a +0 leather armour
 c - a +0 helmet (worn)
 o - a +3 ring mail of poison resistance (worn)
 p - a scarf of invisibility
Jewellery
 k - a ring of magical power (left hand)
 l - an amulet of reflection (around neck)
 v - a ring of flight
 w - a ring of protection from cold (right hand)
 F - an amulet of the acrobat
 I - a ring of ice
Wands
 n - a wand of iceblast (15)
 r - a wand of polymorph (6)
 u - a wand of paralysis (4)
 y - a wand of flame (57)
Scrolls
 e - 2 scrolls of magic mapping
 g - 5 scrolls of vulnerability
 t - a scroll of noise
 z - 2 scrolls of enchant armour
 B - 2 scrolls of immolation
 E - a scroll of amnesia
 H - a scroll of blinking {unknown}
Potions
 f - 2 potions of heal wounds
 h - 2 potions of magic
 i - a potion of cancellation
 m - 2 potions of mutation
 q - a potion of ambrosia
 s - 2 potions of haste
 A - a potion of lignification {unknown}


   Skills:
 + Level 10.8 Fighting
 - Level 2.6 Long Blades
 * Level 4.6 Maces & Flails
 - Level 4.4 Polearms
 - Level 1.7 Throwing
 + Level 7.8 Armour
 + Level 7.1 Dodging


You had 10 spell levels left.
You didn't know any spells.
Your spell library contained the following spells:

 Spells                   Type           Power      Damage    Failure   Level
 Freeze                   Ice            0%         1d3       54%         1
 Blink                    Tloc           0%         N/A       67%         2
 Ensorcelled Hibernation  Hex/Ice        0%         N/A       67%         2
 Conjure Flame            Conj/Fire      0%         6-21      88%         3
 Frozen Ramparts          Ice            0%         1d2       88%         3
 Ignite Poison            Fire/Tmut/Pois 0%         N/A       88%         3
 Lesser Beckoning         Tloc           0%         N/A       88%         3
 Hailstorm                Conj/Ice       0%         3d3       99%         4
 Ice Form                 Ice/Tmut       0%         N/A       99%         4
 Leda's Liquefaction      Hex/Erth       0%         N/A       99%         4
 Sticky Flame             Conj/Fire      0%         2d3       99%         4
 Freezing Cloud           Conj/Ice/Air   0%         6-21      100%        5
 Lee's Rapid Deconstruct  Erth           0%         3d5*      100%        5
 Manifold Assault         Tloc           0%         N/A       100%        5
 Statue Form              Tmut/Erth      0%         N/A       100%        6
 Orb of Destruction       Conj           0%         N/A       100%        7
 Summon Guardian Golem    Hex/Summ       Unusable   N/A       N/A         3
 Spellforged Servitor     Conj/Summ      Unusable   N/A       N/A         7
 Summon Hydra             Summ           Unusable   N/A       N/A         7

Dungeon Overview and Level Annotations

Branches:
Dungeon (10/15)            Temple (1/1) D:5             Orc (2/2) D:9
   Lair: D:8-11         Elf: Orc:2

Altars:
Ashenzari
Cheibriados
Dithmenos
Elyvilon
Fedhas
Gozag
Hepliaklqana
Kikubaaqudgha
Makhleb
Nemelex Xobeh
Okawaru
Qazlal
Ru
Sif Muna
Trog
Uskayaw
Vehumet
Wu Jian
Xom
Yredelemnul
Zin
The Shining One
Beogh

Shops:
D:2 (   D:7 (

Annotations:
D:3 1 runed translucent door


Innate Abilities, Weirdness & Mutations

You are surrounded by a moderate repulsion field. (EV +3)
You regenerate health from kills.
You have a sharp stinger which inflicts weakening toxins.


Message History

The orc sorcerer casts a spell at you.
The bolt of fire hits the orc!!
The orc dies!
The bolt of fire hits the orc!!!
The orc dies!
The bolt of fire hits you!
There is a stone staircase leading up here.
The orc warrior hits you with a +0 dire flail!!
You hit the orc warrior.
The orc warrior is lightly wounded.
The orc warrior closely misses you.
The orc warlord roars a battlecry!
The orc hits you with a +0 hand axe!
You hear a shout!
There is a stone staircase leading up here.
You block the orc's attack. The orc warlord barely misses you.
You block the orc warrior's attack.
You climb upwards.
There is a stone staircase leading down, spattered with blood here.
You feel much better.
The orc warrior hits you with a +0 dire flail!
The orc closely misses you.
The orc warrior hits you with a +2 short sword of speed.
You hit the orc warrior but do no damage.
The orc warrior is lightly wounded.
The orc warrior hits you with a +0 dire flail!
You block the orc's attack.
The orc warrior hits you but does no damage.
You whack the orc warrior!
The orc warrior is heavily wounded.
You block the orc warrior's attack.
The orc warrior hits you with a +0 dire flail!!
* * * LOW HITPOINT WARNING * * *
You block the orc's attack.
The orc warrior hits you with a +2 short sword of speed!
* * * LOW HITPOINT WARNING * * *
As you read the scroll of teleportation, it crumbles to dust.
You feel strangely unstable.
The orc warrior hits you with a +0 dire flail!
You die...

##.##...##### ##...#####
#........##.####.....##.##
#....)...#...#..#....#...##
#..^......#......#....#...##
###.#.....#......#......#...#
##.......#.#......##........##
#..................#.......####
##............oo...........##.#
###.###......@................
##...##...#.).o..............#
#.................#.........##
##.#.##...#..........<..#..##.
#####...............#..#.....
#....................#....
##....._..........#.###...
##..............#####...#
#...........#...# ##.##


You could see 2 orc warriors and an orc (strong).

Vanquished Creatures
  A centaur warrior (D:9)
  4 two-headed ogres
  An orc sorcerer (Orc:2)
  2 wyverns
  A shadow (D:9)
  9 yaks (D:8)
  The ghost of olaf the Ducker, an amateur DjGl (D:3)
  A warg (Orc:1)
  2 acid dragons
  A sky beast (D:5)
  A necrophage (D:5)
  An ogre (Orc:1)
  A centaur (D:5)
  A kobold brigand (D:8)
  Blork the orc (D:5)
  A gnoll sergeant (D:7)
  5 bullfrogs
  A wyvern zombie (D:7)
  A scorpion (D:7)
  4 wights
  A vampire bat (D:5)
  3 centaur zombies
  A hound (D:5)
  A jelly (D:8)
  4 orc priests
  A bullfrog skeleton (D:6)
  A gnoll shaman (D:5)
  3 iguanas
  9 orc wizards
  A killer bee zombie (D:8)
  6 gnolls
  8 adders
  A shadow imp (D:7)
  An ufetubus (D:7)
  4 worms
  2 dart slugs
  3 fire bats (D:5)
  20 orcs
  2 spectral bats (D:5)
  9 ball pythons
  11 bats
  3 bat skeletons (D:5)
  A bat zombie (D:5)
  4 endoplasms
  3 giant cockroaches
  3 hobgoblins
  5 jackals (D:2)
  A quokka (D:5)
  A bat simulacrum (D:5)
  4 frilled lizards
  8 goblins
  6 kobolds
  4 rats
175 creatures vanquished.

Vanquished Creatures (others)
  2 orc wizards (D:4)
  3 orcs
5 creatures vanquished.

Grand Total: 180 creatures vanquished

Notes
Turn   | Place    | Note
-------+----------+-------------------------------------------
     0 | D:1      | vineage the Demonspawn Gladiator began the quest for the
                  | Orb.
     0 | D:1      | Reached XP level 1. HP: 16/16 MP: 1/1
   238 | D:1      | Gained mutation: You are surrounded by a mild repulsion
                  | field. (EV +2) [demonic ancestry]
   238 | D:1      | Reached XP level 2. HP: 17/23 MP: 2/2
   479 | D:1      | Found a faded altar of an unknown god.
   495 | D:1      | Reached skill level 3 in Fighting
   680 | D:2      | Gained mutation: You regenerate a little health from kills.
                  | [demonic ancestry]
   680 | D:2      | Reached XP level 3. HP: 12/29 MP: 3/3
   907 | D:2      | Reached skill level 4 in Fighting
  1118 | D:2      | Gained mutation: You have a small tail. [demonic ancestry]
  1118 | D:2      | Reached XP level 4. HP: 32/38 MP: 4/4
  1176 | D:2      | Found Acyfuaq's Antique Weapon Emporium.
  1708 | D:3      | Found a runed translucent door.
  1750 | D:3      | Found a runed translucent door.
  1751 | D:3      | Noticed olaf's ghost (amateur DjGl)
  1754 | D:3      | Noticed a bullfrog
  1938 | D:3      | Found an iron altar of Okawaru.
  1949 | D:3      | Became a worshipper of Warmaster Okawaru
  2038 | D:3      | Found a hazy altar of Hepliaklqana.
  2108 | D:3      | Killed a bullfrog
  2109 | D:3      | Reached skill level 5 in Fighting
  2109 | D:3      | Reached XP level 5. HP: 44/44 MP: 5/5
  2130 | D:3      | Killed olaf's ghost
  2131 | D:3      | Reached skill level 6 in Fighting
  2131 | D:3      | Reached XP level 6. HP: 30/53 MP: 6/6
  2275 | D:4      | Found a burning altar of Makhleb.
  2970 | D:4      | Reached * piety under Okawaru
  3106 | D:4      | Reached skill level 7 in Fighting
  3545 | D:4      | Identified a scroll of acquirement
  3545 | D:4      | Acquired 960 gold pieces
  3626 | D:2      | Bought a shimmering spear for 200 gold pieces
  3626 | D:2      | Identified the +9 spear of Tostroy {venom, Fly rN+ Int+5}
                  | (You bought it in a shop on level 2 of the Dungeon)
  3715 | D:5      | Entered Level 5 of the Dungeon
  3720 | D:5      | Reached skill level 1 in Armour
  3720 | D:5      | Gained mutation: You are surrounded by a moderate repulsion
                  | field. (EV +3) [demonic ancestry]
  3720 | D:5      | Reached XP level 7. HP: 59/60 MP: 7/7
  3767 | D:5      | Reached skill level 1 in Polearms
  3955 | D:5      | Noticed Blork the orc
  3963 | D:5      | Killed Blork the orc
  4197 | D:5      | Found a staircase to the Ecumenical Temple.
  4202 | D:5      | Reached ** piety under Okawaru
  4213 | Temple   | Entered the Ecumenical Temple
  4672 | D:5      | Reached skill level 8 in Fighting
  4672 | D:5      | Gained mutation: You have a tail ending in a sharp stinger.
                  | [demonic ancestry]
  4672 | D:5      | Reached XP level 8. HP: 62/68 MP: 8/8
  5827 | D:6      | Found a basalt altar of Yredelemnul.
  5933 | D:6      | Got the Papyrus of the Icy Entourage
  6055 | D:7      | Reached *** piety under Okawaru
  6639 | D:7      | Found a sparkling altar of Nemelex Xobeh.
  6883 | D:7      | Received a gift from Okawaru
  6884 | D:7      | Reached skill level 5 in Armour
  6969 | D:7      | Reached XP level 9. HP: 75/75 MP: 9/9
  6996 | D:7      | Found Zamebuho's Weapon Boutique.
  7388 | D:8      | Reached **** piety under Okawaru
  7389 | D:8      | Reached skill level 9 in Fighting
  7417 | D:8      | Found a hide-covered altar of Uskayaw.
  7479 | D:8      | Reached skill level 5 in Dodging
  7813 | D:8      | Noticed a two-headed ogre
  7830 | D:8      | Killed a two-headed ogre
  7830 | D:8      | Reached ***** piety under Okawaru
  8039 | D:8      | Identified the +4 spear of the Vulture {vorpal, rElec}
  8143 | D:8      | Reached skill level 10 in Fighting
  8143 | D:8      | Gained mutation: You have a sharp stinger which inflicts
                  | weakening toxins. [demonic ancestry]
  8143 | D:8      | Reached XP level 10. HP: 66/85 MP: 10/10
  8275 | D:8      | Found a radiant altar of Vehumet.
  8809 | D:7      | Bought the +5 demon whip "Spellbinder" {antimagic, Will+}
                  | for 1156 gold pieces
  8809 | D:7      | Found the +5 demon whip "Spellbinder" {antimagic, Will+}
  8846 | D:9      | Found a staircase to the Orcish Mines.
  8914 | D:9      | Noticed a two-headed ogre
  8931 | D:9      | Killed a two-headed ogre
  8932 | D:9      | Reached skill level 1 in Maces & Flails
  9399 | D:9      | Found a snail-covered altar of Cheibriados.
  9507 | D:9      | Noticed a two-headed ogre
  9522 | D:9      | Killed a two-headed ogre
  9522 | D:9      | Received a gift from Okawaru
  9882 | D:9      | Noticed a centaur warrior
  9899 | D:9      | Killed a centaur warrior
 10250 | D:10     | Entered Level 10 of the Dungeon
 10273 | Orc:1    | Entered Level 1 of the Orcish Mines
 10479 | Orc:2    | Entered Level 2 of the Orcish Mines
 10479 | Orc:2    | Noticed a two-headed ogre
 10479 | Orc:2    | Noticed an orc sorcerer
 10490 | Orc:1    | Killed a two-headed ogre
 10749 | Orc:2    | Killed an orc sorcerer
 10750 | Orc:2    | Gained mutation: You regenerate health from kills. [demonic
                  | ancestry]
 10750 | Orc:2    | Reached XP level 11. HP: 55/92 MP: 6/11
 10827 | Orc:2    | Noticed an orc warlord
 10828 | Orc:2    | Noticed an orc sorcerer
 10842 | Orc:1    | Slain by an orc warrior

Illustrated notes

Levels and vault maps discovered:
D:1:      kennysheep_arrival_forest, layout_basic, basic_ecumenical_altar
D:2:      layout_rooms, serial_shops, nicolae_shop_hallway_plus,
          kennysheep_potato
D:3:      layout_rooms, mainiacjoe_overflow_six_doors_small,
          mainiacjoe_overflow_alcove_1, ebering_ghost_sewer_f,
          grunt_ministairs_6
D:4:      layout_loops_corners, mainiacjoe_overflow_small_starburst,
          minivault_25
D:5:      layout_loops_ring, minmay_temple_entry_proselytizer,
          nicolae_zen_rock_garden, serial_park_tiny_1, minmay_misc_feat_alley,
          goddamned_bats, uniq_blork_the_orc
D:6:      layout_loops_corners, kennysheep_ying_yang
D:7:      layout_layer_cave, grunt_temple_overflow_open, serial_shops,
          nicolae_shop_bloodbath_and_beyond
D:8:      layout_basic, vehumet_altar_wand_db, lemuel_round_altar,
          kennysheep_generic_room_9
D:9:      layout_basic, lemuel_doored_altar, orc_0_dummy, grunt_ministairs_11
D:10:     layout_roguey, erik_lair_dragon, serial_corexii_hall,
          corexii_hall_statues_s, chequers_hall_statues_corner_a,
          gammafunk_ghost_nasty_kobolds, uniq_maggie
Temple:   hc_temple_tempest_star
Orc:1:    layout_caves, basic_altar, nicolae_shop_overcharged_wands, uniq_snorg
Orc:2:    st_orc_rangers, layout_caves, nicolae_volcano_entry_batcave

Skill      XL: |  1  2  3  4  5  6  7  8  9 10 |
---------------+-------------------------------+-----
Fighting       | 3 4 5 6 7 8 10 | 10.8
Armour         | 1 3 5 6 7 |  7.8
Polearms       | 2 4 |  4.4
Dodging        | 4 5 7 |  7.1
Maces & Flails | 4 |  4.6
Long Blades    | |  2.6
Throwing       | |  1.7

Action                   |  1- 3 |  4- 6 |  7- 9 | 10-12 || total
-------------------------+-------+-------+-------+-------++-------
Melee: Long sword        |    80 |   132 |       |       ||   212
       Tailslap          |       |    27 |    36 |    21 ||    84
       Spear             |       |       |   265 |    25 ||   290
       Demon whip        |       |       |       |    93 ||    93
  Use: Scroll            |     2 |     7 |     6 |     2 ||    17
       Potion            |       |       |     1 |     3 ||     4
 Stab: Distracted        |     1 |       |       |       ||     1
       Sleeping          |       |     1 |       |       ||     1
Armor: Leather armour    |    20 |    11 |       |       ||    31
       Ring mail         |       |    20 |    48 |    17 ||    85
Dodge: Dodged            |    81 |    77 |   157 |    63 ||   378
Block: Other             |     1 |    34 |    54 |    33 ||   122
       Reflection        |       |     3 |       |     2 ||     5

Table legend: (Time is in decaauts)
 A = Elapsed time spent in this place.
 B = Non-inter-level travel time spent in this place.
 C = Inter-level travel time spent in this place.
 D = Time resting spent in this place.
 E = Time spent auto-exploring this place.
 F = Levels seen in this place.
 G = Mean time per level.
                   A        B        C        D        E       F      G
               +--------+--------+--------+--------+--------+-----+--------+
         Total |  10864 |  10211 |    653 |    237 |   8670 |  13 |  835.7 |
       Dungeon |  10114 |   9497 |    617 |      0 |   8266 |  10 | 1011.4 |
        Temple |    181 |    160 |     21 |      0 |    150 |   1 |  181.0 |
  Orcish Mines |    567 |    553 |     14 |    237 |    254 |   2 |  283.5 |
               +--------+--------+--------+--------+--------+-----+--------+

Top non-repeatable levels by time:
     D:8: 1448 daAuts
     D:9: 1424 daAuts
     D:4: 1373 daAuts
     D:7: 1309 daAuts
     D:6: 1125 daAuts
     D:5: 1029 daAuts
     D:2: 885 daAuts
     D:3: 853 daAuts
     D:1: 664 daAuts
   Orc:1: 463 daAuts
  Temple: 181 daAuts
   Orc:2: 104 daAuts
    D:10: 1 daAuts
